[Event "Late-Titled-Tuesday-Blitz-May-14-2024"]
[Site "Chess.com"]
[Date "2024.05.14"]
[Round "3"]
[White "ural58"]
[Black "GlavkonVVS"]
[Result "1-0"]
[WhiteElo "2468"]
[BlackElo "2627"]
[TimeControl "180+1"]
[EndTime "14:28:29 PDT"]
[Termination "ural58 won by resignation"]

1. e4 Nf6 2. e5 Nd5 3. d4 d6 4. c4 Nb6 5. f4 dxe5 6. fxe5 c5 7.
d5 g6 8. Be3 Bg7 9. Nf3 Bg4 10.
Bxc5 Bxf3 11. Qxf3 Bxe5 12. Nc3 O-O 13. O-O-O N8d7 14. Bd4 Rc8 15. b3 a5 16. Bxe5 Nxe5 17. Qe3 Nbd7 18. Be2 a4 19. Kb2 axb3 20. axb3 Ra8 21. Ra1 Qc7 22. Nb5 Qc5 23. Qxc5 Nxc5 24. b4 Ncd7 25.
c5 Nf6 26. Rxa8 Rxa8 27. Rd1 Rd8 28. d6 Kf8 29. Bf3 Nxf3 30. gxf3 exd6 31. Rxd6 Re8 32. Rxf6 Re2+ 33. Kb3 Ke7 34. Rb6 Re3+ 35. Ka4 Rxf3 36. Rxb7+ Kf8 37. Nd6 f5 38. c6 Rc3 39. c7 f4 40. c8=Q+ Rxc8 41. Nxc8 f3 42. Nd6 1-0

[Event "Late-Titled-Tuesday-Blitz-May-14-2024"]
[Site "Chess.com"]
[Date "2024.05.14"]
[Round "3"]
[White "PhileKhoob"]
[Black "sergeikim"]
[Result "1-0"]
[WhiteElo "2344"]
[BlackElo "2613"]
[TimeControl "180+1"]
[EndTime "14:28:35 PDT"]
[Termination "PhileKhoob won by resignation"]

1. Nf3 Nf6 2. g3 g6 3. Bg2 Bg7 4. O-O d6 5. d4 O-O 6. b3 e5 7. dxe5 Nfd7 8. Bb2 dxe5 9. e4 c6 10. Qe2 a5 11. a4 Re8 12. Nbd2 Nc5 13. Nc4 Qc7 14.
Rfd1 Nba6 15. Ba3 Be6 16. Bf1 Red8 17. Qe1 b6 18. Ne3 Nxe4 19. Nc4 Nec5 20. Ng5 Bd5 21. Ne3 h6 22. c4 Be6 23. Nxe6 Nxe6 24. Bb2 Nac5 25.
Qc3 Nd4 26. Kh1 Ncxb3 27. Rab1 Nc5 28. Bg2 Nxa4 29. Qa3 Nxb2 30. Qxb2 Rab8 31. Qa1 Qe7 32. Qa2 Kh7 33. h4 f5 34. h5 Qg5 35. hxg6+ Qxg6 36. Re1 f4 37. Nd1 f3 38. Bf1 e4 39. Ne3 Kh8 40.
c5 b5 41. Qxa5 Nf5 42. Rbd1 Nxe3 43. Rxd8+ Rxd8 44. Qxd8+ Kh7 45. Rxe3 Qh5+ 46. Qh4 Qg6 47. Qxe4 1-0

[Event "Late-Titled-Tuesday-Blitz-May-14-2024"]
[Site "Chess.com"]
[Date "2024.05.14"]
[Round "3"]
[White "shrek4life02"]
[Black "MaxLeto"]
[Result "0-1"]
[WhiteElo "2591"]
[BlackElo "2395"]
[TimeControl "180+1"]
[EndTime "14:28:37 PDT"]
[Termination "MaxLeto won by checkmate"]

1. d4 d5 2. c4 e6 3. Nc3 Nf6 4. g3 Be7 5. Bg2 O-O 6. Qd3 Nc6 7.
a3 dxc4 8. Qxc4 Qxd4 9. Qa2 e5 10.
Nf3 Qd6 11. O-O Be6 12. Qb1 Nd4 13. Nxd4 exd4 14. Nb5 Qb6 15. a4 c6 16. Na3 Rfd8 17. Rd1 a5 18. Bg5 Bb3 19. Rd3 Bxa4 20. Nc4 Qb4 21.
b3 Bb5 22. Qc2 a4 23. Bd2 axb3 24. Rxa8 Rxa8 25. Rxb3 Qxc4 26. Qb1 Bc5 27. Bf3 Nd5 28. Kg2 Nc3 29. Qc2 Ba4 30. Rxc3 dxc3 31. Qc1 c2 32. Be3 Bxe3 33. Qxe3 c1=Q 34. Be4 Qxe3 35. Bxh7+ Kxh7 36. h4 Qd5+ 37. f3 Qxe2+ 38. Kh3 Qexf3 39. h5 Qe6+ 40. Kh4 Qeg4# 0-1

[Event "Late-Titled-Tuesday-Blitz-May-14-2024"]
[Site "Chess.com"]
[Date "2024.05.14"]
[Round "3"]
[White "banane_verte"]
[Black "dianamirza"]
[Result "1-0"]
[WhiteElo "2549"]
[BlackElo "1962"]
[TimeControl "180+1"]
[EndTime "14:28:37 PDT"]
[Termination "banane_verte won by resignation"]

1. d4 Nf6 2. c4 c5 3. d5 b5 4. cxb5 a6 5. bxa6 g6 6. Nc3 Bxa6 7. e4 Bxf1 8. Kxf1 Bg7 9. g3 d6 10. Kg2 O-O 11. Nf3 Nbd7 12. Nd2 Qa5 13. Nc4 Qb4 14.
Qe2 Rfb8 15. h3 Nb6 16. Nxb6 Rxb6 17. f4 Nd7 18. a3 Qb3 19. Re1 Bxc3 20. bxc3 Qxc3 21.
Bd2 Qb2 22. a4 c4 23. Be3 Rb3 24. a5 Nc5 25. Bxc5 dxc5 26. Qxb2 Rxb2+ 27. Kf3 c3 28. a6 c2 29. a7 Rb7 30. Rec1 Raxa7 31. Rxa7 Rxa7 32. Rxc2 Ra3+ 33. Kf2 Ra4 34. e5 c4 35. Ke3 Ra3+ 36. Ke4 Rxg3 37. Rxc4 Rxh3 38. d6 exd6 39. exd6 f5+ 40. Ke5 Re3+ 41. Kf6 Re8 42. d7 Rf8+ 43. Ke7 Rf7+ 44. Ke6 Rf8 45. Rc8 Kg7 46. Rxf8 Kxf8 47. d8=Q+ Kg7 48. Qe7+ Kh6 49. Qg5+ Kg7 50. Ke7 h6 51.
Qf6+ Kh7 52. Kf7 1-0

[Event "Late-Titled-Tuesday-Blitz-May-14-2024"]
[Site "Chess.com"]
[Date "2024.05.14"]
[Round "3"]
[White "CixPer1968"]
[Black "KorolDimitriy75"]
[Result "0-1"]
[WhiteElo "2178"]
[BlackElo "2402"]
[TimeControl "180+1"]
[EndTime "14:28:37 PDT"]
[Termination "KorolDimitriy75 won by resignation"]

1. d4 Nf6 2. c4 c5 3. d5 b5 4.
cxb5 a6 5. bxa6 Bxa6 6. Nc3 g6 7. g3 d6 8. Bg2 Bg7 9. Nf3 O-O 10. O-O Nbd7 11.
h3 Ne8 12. Qc2 Nc7 13. Rd1 Nb6 14. e4 Nb5 15. Bd2 Nc4 16. Be1 Nd4 17. Nxd4 cxd4 18. Ne2 Rc8 19. Qa4 Qb6 20. b3 Nb2 21. Qa3 Nxd1 22.
Rxd1 Bxe2 23. Ba5 Qa7 24. Rd2 d3 25. b4 Bc3 0-1

[Event "Late-Titled-Tuesday-Blitz-May-14-2024"]
[Site "Chess.com"]
[Date "2024.05.14"]
[Round "3"]
[White "grzechu96"]
[Black "Duhless"]
[Result "0-1"]
[WhiteElo "2804"]
[BlackElo "3111"]
[TimeControl "180+1"]
[EndTime "14:28:38 PDT"]
[Termination "Duhless won on time"]

1. e4 c5 2. Nf3 d6 3. d4 cxd4 4.
Nxd4 Nf6 5. Nc3 Nc6 6. f3 e5 7.
Nb3 Be7 8. Be3 O-O 9. Qd2 a5 10. Bb5 Be6 11. O-O-O Na7 12. Bxa7 Rxa7 13. Qe3 Qb8 14.
Kb1 Rd8 15. a4 b6 16. Rhe1 Rc7 17. Nc1 Rdc8 18. N1e2 Rc5 19. Rd3 d5 20. exd5 Bxd5 21. Ng3 Be6 22. Re2 Qc7 23. Qd2 Qb7 24. Qd1 Rxc3 25. Rxc3 Rxc3 26. bxc3 Qc7 27. Qd3 g6 28. Rd2 Kg7 29. Kb2 Qc5 30. c4 Qb4+ 31. Kc1 Qc5 32. Ne4 Nxe4 33. Qxe4 Bg5 34. Qe1 e4 35. fxe4 Qd4 0-1

[Event "Late-Titled-Tuesday-Blitz-May-14-2024"]
[Site "Chess.com"]
[Date "2024.05.14"]
[Round "3"]
[White "Art10ECHR"]
[Black "munozmiguelangel1982"]
[Result "1-0"]
[WhiteElo "2479"]
[BlackElo "2265"]
[TimeControl "180+1"]
[EndTime "14:28:40 PDT"]
[Termination "Art10ECHR won by checkmate"]

1. d4 Nf6 2. c4 e6 3. Nc3 Bb4 4. a3 Bxc3+ 5. bxc3 b6 6. f3 Bb7 7. e4 d6 8. Bd3 O-O 9. Ne2 e5 10.
O-O Nbd7 11. Ng3 Re8 12. Nf5 g6 13. Nh6+ Kg7 14. f4 exd4 15. cxd4 Nxe4 16. f5 Ndf6 17.
fxg6 hxg6 18. d5 Rh8 19. Bxe4 Rxh6 20. Bxh6+ Kxh6 21. Qd4 Nxe4 22. Rxf7 Qh4 23. Raf1 Re8 24. g3 Qg5 25. R1f4 Nxg3 26. Rh4+ Nh5+ 27. Rg4 Qc1+ 28. Rf1 Re1 29. Qh8# 1-0

[Event "Late-Titled-Tuesday-Blitz-May-14-2024"]
[Site "Chess.com"]
[Date "2024.05.14"]
[Round "3"]
[White "klifus"]
[Black "CheckBits"]
[Result "0-1"]
[WhiteElo "2131"]
[BlackElo "2399"]
[TimeControl "180+1"]
[EndTime "14:28:45 PDT"]
[Termination "CheckBits won by resignation"]

1. e4 e5 2. Nf3 Nc6 3. Bc4 Bc5 4. d3 d6 5. O-O Nf6 6. c3 Bb6 7. Nbd2 h6 8. b4 a6 9. a4 Ne7 10. a5 Ba7 11. Re1 Ng6 12. Nf1 O-O 13. Ne3 Be6 14.
Qb3 Bxc4 15. Qxc4 Re8 16. Nd5 c6 17. Nxf6+ Qxf6 18. d4 exd4 19. cxd4 d5 20. Qd3 dxe4 21. Rxe4 Rxe4 22. Qxe4 Rd8 23. Be3 Qe7 24. Qxe7 Nxe7 25. Rb1 Bb8 26. Kf1 Nd5 27. Rb3 Bd6 28. Bd2 Re8 29.
g3 f5 30. Ne1 Re4 31. Nc2 g5 32. f3 Re7 33. Kf2 Kf7 34. Ne3 Nxe3 35. Bxe3 Ke6 36. h3 Kd5 37. g4 f4 38. Bc1 Kxd4 39. Bb2+ Kc4 40. Rc3+ Kxb4 41. Rd3 Bc5+ 42. Kf1 Kxa5 43. Bf6 Re6 44. Bd8+ Ka4 45. Rd7 b5 0-1

[Event "Late-Titled-Tuesday-Blitz-May-14-2024"]
[Site "Chess.com"]
[Date "2024.05.14"]
[Round "3"]
[White "el_sporco"]
[Black "katharinareinecke"]
[Result "1-0"]
[WhiteElo "2365"]
[BlackElo "1891"]
[TimeControl "180+1"]
[EndTime "14:28:45 PDT"]
[Termination "el_sporco won by resignation"]

1. e4 c6 2. d4 d5 3. Nd2 dxe4 4. Nxe4 Bf5 5. Ng3 Bg6 6. h4 h6 7. Nf3 Nd7 8. h5 Bh7 9. Bd3 Bxd3 10. Qxd3 e6 11. Bd2 Ngf6 12. O-O-O Be7 13. Ne4 Nxe4 14.
Qxe4 Nf6 15. Qe2 Qd5 16. c4 Qe4 17. Be3 Ng4 18. Nd2 Qf5 19. Rh3 Nxe3 20. fxe3 O-O 21. Rf1 Qa5 22. Kb1 c5 23. Nb3 Qb4 24. Rg3 f5 25. Rg6 cxd4 26. exd4 Qxc4 27. Qxc4 1-0

[Event "Late-Titled-Tuesday-Blitz-May-14-2024"]
[Site "Chess.com"]
[Date "2024.05.14"]
[Round "3"]
[White "betta2004"]
[Black "GothamChess"]
[Result "0-1"]
[WhiteElo "2522"]
[BlackElo "2780"]
[TimeControl "180+1"]
[EndTime "14:28:48 PDT"]
[Termination "GothamChess won by resignation"]

1. e4 d5 2. exd5 Qxd5 3. Nf3 Bg4 4. Be2 Nc6 5. h3 Bxf3 6. Bxf3 Qe6+ 7. Qe2 Nd4 8. Qxe6 Nxf3+ 9. gxf3 fxe6 10. d3 Nf6 11. Nc3 O-O-O 12. Ne4 h6 13. h4 e5 14. a4 e6 15. a5 a6 16. Bd2 Nd5 17. Rg1 Rd7 18.
Rg6 Be7 19. Rxg7 Bxh4 20. Rxd7 Kxd7 21. Ke2 Be7 22. Rh1 Nf4+ 23. Bxf4 exf4 24. Rh5 Ke8 25.
d4 Kf7 26. Nd2 Bf6 27. c3 Kg6 28. Rh1 h5 29. Kd3 h4 30. Rh3 Kf5 31. Nf1 Rg8 32. Nh2 Rg1 33. Ng4 Rxg4 34. fxg4+ Kxg4 35. Rh1 Kf3 36. c4 Kg2 37. Rc1 h3 38. Ke4 f3 39.
d5 exd5+ 40. cxd5 h2 41. Kf5 Bxb2 42. Rb1 Bd4 43. Ke6 Bxf2 44. Kd7 Bg3 45. Kc8 f2 46. Kxb7 f1=Q 47. Rxf1 Kxf1 48. Kxa6 h1=Q 49. Kb7 Qxd5+ 50. Kb8 Qxa5 0-1

[Event "Late-Titled-Tuesday-Blitz-May-14-2024"]
[Site "Chess.com"]
[Date "2024.05.14"]
[Round "3"]
[White "Kozok"]
[Black "slidingknight2775"]
[Result "0-1"]
[WhiteElo "2399"]
[BlackElo "2616"]
[TimeControl "180+1"]
[EndTime "14:28:50 PDT"]
[Termination "slidingknight2775 won by checkmate"]

1. e4 c5 2. Nf3 d6 3. d4 cxd4 4. Nxd4 Nf6 5. Nc3 Nc6 6. Bg5 e6 7. Qd2 a6 8. O-O-O Bd7 9. f4 Be7 10. Be2 b5 11. Bf3 Rc8 12. Nce2 Nxd4 13. Nxd4 h6 14.
Bxf6 Bxf6 15. Kb1 a5 16. Be2 Qb6 17. Nf3 Be7 18. g4 Bc6 19. Bd3 b4 20. h4 a4 21. h5 a3 22. b3 Bf6 23. g5 Bc3 24. Qe2 Qc5 25. Rhg1 Ke7 26. Nd2 Bxd2 27. Qxd2 Qd4 28.
Qe2 Qb2# 0-1

[Event "Late-Titled-Tuesday-Blitz-May-14-2024"]
[Site "Chess.com"]
[Date "2024.05.14"]
[Round "3"]
[White "sillypiggy2024"]
[Black "zacachess"]
[Result "0-1"]
[WhiteElo "1726"]
[BlackElo "2363"]
[TimeControl "180+1"]
[EndTime "14:28:50 PDT"]
[Termination "zacachess won on time"]

1. d4 Nf6 2. c4 e6 3. Nc3 Bb4 4. e3 b6 5. Bd2 c5 6. Nf3 Bb7 7.
Be2 O-O 8. O-O cxd4 9. exd4 d5 10. cxd5 Bxc3 11. bxc3 exd5 12. Qc2 Nbd7 13. Rfe1 Rc8 14. Qa4 a6 15. Rad1 Ne4 16. Qb3 Qc7 17. Rc1 b5 18.
Bd3 Nb6 19. Bxe4 dxe4 20. Ne5 Bd5 21. Qb4 f6 22. Ng4 Nc4 23. Be3 h5 24. Nh6+ gxh6 25. Bxh6 Rf7 26. Be3 f5 27. h3 f4 28. Bd2 Nxd2 29.
Rc2 Nc4 30. a4 Qc6 31. axb5 axb5 32. Ra1 Rg7 33. Rca2 Qg6 34. g3 fxg3 0-1

[Event "Late-Titled-Tuesday-Blitz-May-14-2024"]
[Site "Chess.com"]
[Date "2024.05.14"]
[Round "3"]
[White "chessdjw"]
[Black "Hrant_ChessMood"]
[Result "1-0"]
[WhiteElo "2771"]
[BlackElo "2939"]
[TimeControl "180+1"]
[EndTime "14:28:51 PDT"]
[Termination "chessdjw won by resignation"]

1. d4 Nf6 2. c4 g6 3. Nc3 Bg7 4. e4 d6 5. Be2 O-O 6. Nf3 c5 7.
O-O Re8 8. d5 e6 9. h3 Na6 10.
Bf4 exd5 11. exd5 Ne4 12. Nxe4 Rxe4 13. Bg5 Bf6 14. Bd3 Re8 15. Qd2 Bxg5 16. Nxg5 Bd7 17. Qf4 f5 18. Rae1 Qf6 19. b3 Nc7 20. Bb1 Rxe1 21. Rxe1 Re8 22. Ne4 Qe5 23. Qxe5 Rxe5 24. Nf6+ Kf7 25. Rxe5 Kxf6 26. Re1 Kf7 27. f4 Ne8 28.
Kf2 Nf6 29. Kf3 b5 30. Bd3 b4 31. a3 a5 32. axb4 axb4 33. Ra1 Ke7 34. Ra8 Kf7 35. Ke3 Ke7 36. Rh8 Kf7 37. Be2 Kg7 38. Rd8 Kf7 39. Bf3 Ke7 40. Ra8 Kf7 41. Ra7 Ke7 42. g4 Kf8 43. g5 1-0

[Event "Late-Titled-Tuesday-Blitz-May-14-2024"]
[Site "Chess.com"]
[Date "2024.05.14"]
[Round "3"]
[White "KatakuriDono"]
[Black "JM05C"]
[Result "0-1"]
[WhiteElo "2298"]
[BlackElo "2511"]
[TimeControl "180+1"]
[EndTime "14:28:52 PDT"]
[Termination "JM05C won by resignation"]

1. d4 Nf6 2. Nf3 e6 3. g3 d5 4. Bg2 Be7 5. O-O O-O 6. c4 c6 7.
Nc3 b6 8. Nd2 b5 9. cxb5 cxb5 10.
Nxb5 Ba6 11. a4 Nc6 12. Nb3 Rb8 13. Nc5 Bxc5 14. dxc5 Bxb5 15. axb5 Rxb5 16. Qc2 Qe7 17. Be3 Rfb8 18. Rfb1 Qb7 19. Qd2 Nd7 20. b4 Rxb4 21.
Rxb4 Qxb4 22. Qc2 a5 23. h4 h6 24. Kh2 Qb2 25. Qd1 Rb4 26. Ra4 Qb3 27. Qxb3 Rxb3 28. Ra2 Rb5 29. Rc2 a4 30. Ra2 Rb4 31. Bd2 Rc4 32. e4 dxe4 33. Be3 f5 34. Bf1 Rb4 35. Bd2 Rb1 36. Bc4 Nxc5 37. Be3 Rb4 38. Rc2 Ne5 39. Bxc5 Rxc4 40. Rxc4 Nxc4 41. Bd4 e5 42.
Ba1 Kf7 43. Kg2 Ke6 44. Kf1 Kd5 45. Ke2 f4 46. Kd1 g5 47. Kc2 e3 48. fxe3 fxg3 49. Kd3 g2 50. e4+ Ke6 51. Kxc4 g1=Q 0-1

[Event "Late-Titled-Tuesday-Blitz-May-14-2024"]
[Site "Chess.com"]
[Date "2024.05.14"]
[Round "3"]
[White "maximnovik"]
[Black "rionelG"]
[Result "1-0"]
[WhiteElo "2566"]
[BlackElo "2305"]
[TimeControl "180+1"]
[EndTime "14:28:53 PDT"]
[Termination "maximnovik won by checkmate"]

1. e4 c5 2. Nf3 d6 3. c3 Nf6 4.
Bd3 Bg4 5. h3 Bxf3 6. Qxf3 Nc6 7. Bc2 Rc8 8. O-O e6 9. d3 Be7 10. Qe2 O-O 11. Nd2 Qc7 12. f4 b5 13. Nf3 b4 14. Kh2 Nd7 15. g3 Bf6 16. Bd2 g6 17. h4 Bg7 18. h5 Nf6 19. hxg6 fxg6 20. Ng5 Qe7 21. Bb3 d5 22. exd5 exd5 23. Qxe7 Nxe7 24. Ne6 Rfe8 25. Nxg7 Kxg7 26. cxb4 d4 27. bxc5 Rxc5 28. Rfe1 Ng4+ 29. Kg2 Kf8 30. Kf3 h5 31. Re6 Nf5 32.
Rae1 Rxe6 33. Rxe6 Rc8 34. Rxg6 Re8 35. Bb4+ Ne7 36.
Rg8# 1-0

[Event "Late-Titled-Tuesday-Blitz-May-14-2024"]
[Site "Chess.com"]
[Date "2024.05.14"]
[Round "3"]
[White "Pitomina"]
[Black "familijatop71"]
[Result "1-0"]
[WhiteElo "2530"]
[BlackElo "2310"]
[TimeControl "180+1"]
[EndTime "14:28:54 PDT"]
[Termination "Pitomina won on time"]

1. d4 Nf6 2. c4 e6 3. Nf3 d5 4.
Nc3 Be7 5. Bg5 O-O 6. e3 h6 7. Bh4 b6 8. Bxf6 Bxf6 9. cxd5 exd5 10. Be2 Be6 11. O-O c5 12. Rc1 Nd7 13. Qd2 Be7 14. Rfd1 Nf6 15. Ne5 c4 16. Nc6 Qd7 17. Nxe7+ Qxe7 18. Bf3 a6 19. a4 Rab8 20. Ra1 b5 21. axb5 axb5 22. Ra5 Qd7 23. b4 cxb3 24. Qb2 Ne4 25. Qxb3 Rfc8 26. Bxe4 dxe4 27. d5 Bf5 28. Rxb5 Rxb5 29.
Nxb5 Rd8 30. Nc3 Rc8 31. h3 Bg6 32. Ne2 Rd8 33. Nf4 Bf5 34. d6 g5 35. Nh5 1-0

[Event "Late-Titled-Tuesday-Blitz-May-14-2024"]
[Site "Chess.com"]
[Date "2024.05.14"]
[Round "3"]
[White "wild3000"]
[Black "Bryanl106"]
[Result "0-1"]
[WhiteElo "2499"]
[BlackElo "2696"]
[TimeControl "180+1"]
[EndTime "14:28:55 PDT"]
[Termination "Bryanl106 won by resignation"]

1. d4 Nf6 2. Nf3 c5 3. e3 g6 4. Be2 Bg7 5. O-O cxd4 6. exd4 O-O 7. c4 d5 8. Nc3 Nc6 9. cxd5 Nxd5 10. Bg5 h6 11. Bd2 Be6 12. Ne4 b6 13. Rc1 Rc8 14. Ba6 Rc7 15. Nc3 Ndb4 16. Bb5 Nxd4 17. Bf4 Nxf3+ 18.
Qxf3 Rc5 19. Rfd1 Qa8 20. Qe2 Rfc8 21. a3 Nd5 22. Nxd5 Bxd5 23. f3 Rxc1 24. Rxc1 Rxc1+ 25. Bxc1 Qc8 26. Be3 e6 27. Qd2 Qc7 28. Bd3 Qe5 29.
b4 Qa1+ 30. Qc1 Qxc1+ 31. Bxc1 g5 32. Kf2 f5 33. g3 Kf7 34. h4 Bd4+ 35. Ke2 Bf6 36.
hxg5 Bxg5 37. f4 Bf6 38. Kd2 h5 39. Be2 h4 40. gxh4 Bxh4 41. Kd3 Bf6 42. Bd2 e5 43. fxe5 Bxe5 44. Bc3 Ke6 45. Bxe5 Kxe5 46. Ke3 f4+ 47.
Kf2 Kd4 48. a4 Kc3 49. b5 Kb4 50. Bd1 Bb3 51. a5 Bxd1 52. axb6 axb6 53. Ke1 Kc5 0-1

[Event "Late-Titled-Tuesday-Blitz-May-14-2024"]
[Site "Chess.com"]
[Date "2024.05.14"]
[Round "3"]
[White "NCchamp"]
[Black "Balla_Tamas"]
[Result "0-1"]
[WhiteElo "2304"]
[BlackElo "2525"]
[TimeControl "180+1"]
[EndTime "14:28:55 PDT"]
[Termination "Balla_Tamas won by resignation"]

1. d4 d5 2. c4 e6 3. Nc3 c5 4. cxd5 exd5 5. e3 Nc6 6. dxc5 Nf6 7. Bb5 Bxc5 8. Nf3 O-O 9. O-O Bg4 10. h3 Bh5 11.
Be2 Re8 12. Nb5 Qb6 13. a4 Ne4 14. Nd2 Nxf2 15. Rxf2 Bxe3 16. Qf1 Bxf2+ 17. Qxf2 Qxf2+ 18. Kxf2 Rxe2+ 19. Kf1 Rae8 20. g4 Bg6 21. Nf3 Bd3 22. Kg1 Ne5 23. Nbd4 Nxf3+ 24. Nxf3 Be4 25. Nd4 Rg2+ 26.
Kf1 Rh2 27. Be3 Rxh3 28. Bg1 Rg3 29. Nb5 Rf3+ 30. Bf2 Bd3+ 31. Kg2 Rf4 32. Kg3 Rf6 33. Rd1 Be4 34. Bxa7 Rf3+ 35. Kh2 Rb3 36. Bd4 f6 37.
Bc3 h5 38. gxh5 Bf3 39. Rd2 Bxh5 40. a5 Rxb5 0-1

[Event "Late-Titled-Tuesday-Blitz-May-14-2024"]
[Site "Chess.com"]
[Date "2024.05.14"]
[Round "3"]
[White "CarlosjPineror"]
[Black "FabianoCaruana"]
[Result "0-1"]
[WhiteElo "2736"]
[BlackElo "3068"]
[TimeControl "180+1"]
[EndTime "14:28:58 PDT"]
[Termination "FabianoCaruana won by resignation"]

1. e4 c5 2. Nf3 d6 3. d4 cxd4 4. Nxd4 Nf6 5. Nc3 a6 6. Bg5 Nbd7 7. Qe2 h6 8. Bh4 g6 9. O-O-O Bg7 10. f4 e5 11.
fxe5 dxe5 12. Nb3 Qc7 13. Bf2 O-O 14. Kb1 b5 15. a3 Bb7 16. g3 Rad8 17. Bg2 Nb6 18. Rd3 Nc4 19. Rhd1 Bc8 20. h3 h5 21. Bc5 Rfe8 22. Bb4 Bf8 23. Bxf8 Kxf8 24. Qf2 Kg7 25. Qc5 Qxc5 26. Nxc5 Rxd3 27. Rxd3 Re7 28. Ka2 Rc7 29.
b4 Nd7 30. Nxd7 Bxd7 31. Nd5 Rc6 32. c3 Be6 33. Kb3 Rd6 34. a4 f5 35. a5 h4 36.
gxh4 f4 37. Kc2 Bxd5 38. exd5 Ne3+ 39. Rxe3 fxe3 40. Kd3 Kf6 41. Be4 Rd7 42. Kxe3 Rh7 43. Kd2 Rxh4 44. Bg2 Ke7 45. d6+ Kxd6 46. Bb7 Rxh3 47. Bxa6 Kc6 48. Bc8 Rh4 49. Be6 g5 50. Bf7 Kb7 51. Be8 Ka6 52. Ke3 Rh3+ 53. Ke4 Rxc3 54.
Kd5 Rc4 55. Kxe5 Rxb4 0-1

[Event "Late-Titled-Tuesday-Blitz-May-14-2024"]
[Site "Chess.com"]
[Date "2024.05.14"]
[Round "3"]
[White "JG-17"]
[Black "LiemLe"]
[Result "0-1"]
[WhiteElo "2546"]
[BlackElo "3038"]
[TimeControl "180+1"]
[EndTime "14:28:58 PDT"]
[Termination "LiemLe won by resignation"]

1. e4 c6 2. d4 d5 3. exd5 cxd5 4. Bd3 Nc6 5. c3 e6 6. Bf4 Nge7 7. Nf3 Ng6 8. Bg3 Bd6 9. Nbd2 Nf4 10. Bxf4 Bxf4 11. O-O O-O 12. Re1 Bd7 13. Ne5 Nxe5 14. dxe5 f6 15.
g3 Bxe5 16. Qh5 g6 17. Bxg6 Qe7 18. Bd3 Qg7 19. f4 Bxf4 20. Qxh7+ Qxh7 21. Bxh7+ Kxh7 22. gxf4 Rg8+ 23. Kf2 Rg4 24. Ke3 Rag8 25. Nf3 Rg2 26. Rab1 Rc2 27. Re2 Rxe2+ 28. Kxe2 Rg2+ 29. Ke3 Be8 30. a3 Bg6 31. Nh4 Rxh2 32. Nxg6 Kxg6 33. Kd4 b6 34. b4 Kf5 35. a4 Rh4 36. a5 Rxf4+ 37.
Ke3 bxa5 38. bxa5 Ra4 39. Rb5 Ke5 40. Kd3 f5 41. Ke3 a6 42. Rc5 Rc4 0-1

[Event "Late-Titled-Tuesday-Blitz-May-14-2024"]
[Site "Chess.com"]
[Date "2024.05.14"]
[Round "3"]
[White "zsizsi99"]
[Black "Oneofmyturns"]
[Result "0-1"]
[WhiteElo "2523"]
[BlackElo "2800"]
[TimeControl "180+1"]
[EndTime "14:28:58 PDT"]
[Termination "Oneofmyturns won by resignation"]

1. e4 e5 2. Nf3 Nc6 3. Bb5 a6 4. Ba4 Nf6 5. O-O b5 6. Bb3 Bc5 7.
Nxe5 Nxe5 8. d4 Bxd4 9. Qxd4 d6 10. a4 c5 11. Qe3 Bb7 12. f3 O-O 13. c3 Re8 14. Rd1 Qc7 15. Qf2 h6 16. Bf4 Rad8 17. axb5 axb5 18. Na3 Bc6 19. Bd5 Bxd5 20. exd5 Qb7 21.
Qd2 c4 22. Nc2 Nd3 23. Nb4 Qb6+ 24. Kf1 Nxb4 25. cxb4 Re7 26. Qd4 Qb7 27. Bxh6 Re5 28. Ra7 Qb8 29. Bf4 Rxd5 30. Qxd5 Nxd5 0-1

[Event "Late-Titled-Tuesday-Blitz-May-14-2024"]
[Site "Chess.com"]
[Date "2024.05.14"]
[Round "3"]
[White "DrVelja"]
[Black "Hamisandwich"]
[Result "0-1"]
[WhiteElo "2900"]
[BlackElo "2742"]
[TimeControl "180+1"]
[EndTime "14:28:59 PDT"]
[Termination "Hamisandwich won on time"]

1. e4 g6 2. d4 d6 3. Nc3 c6 4.
f4 d5 5. e5 h5 6. Nf3 Bg4 7. Be2 e6 8. O-O Nh6 9. h3 Bxf3 10. Bxf3 Nf5 11. Ne2 h4 12. Qd3 Nd7 13. b3 Qb6 14. c4 Qa6 15. Qc2 dxc4 16. bxc4 Nb6 17. Rb1 Rd8 18. c5 Nd5 19. Rb3 Qa4 20.
Qb2 b5 21. Bxd5 Rxd5 22. Rb4 Qa5 23. a4 a6 24. Bd2 Qd8 25. axb5 axb5 26. Ra1 Be7 27. Ra6 Bxc5 28. Rxc6 Nxd4 29. Nxd4 Bxd4+ 30. Rxd4 Rxd4 31. Bb4 Rd1+ 32. Kh2 Qd3 33. Rc3 Qf1 34.
Rc8+ Kd7 0-1

[Event "Late-Titled-Tuesday-Blitz-May-14-2024"]
[Site "Chess.com"]
[Date "2024.05.14"]
[Round "3"]
[White "bubeliang"]
[Black "MagnusCarlsen"]
[Result "0-1"]
[WhiteElo "2812"]
[BlackElo "3219"]
[TimeControl "180+1"]
[EndTime "14:29:00 PDT"]
[Termination "MagnusCarlsen won by resignation"]

1. e4 e6 2. d4 a6 3. Nf3 d5 4. exd5 exd5 5. Bd3 Bd6 6. O-O Ne7 7. Re1 O-O 8. Nbd2 Bf5 9. Nf1 Nbc6 10. c3 Qd7 11. Qc2 Rae8 12. Bd2 Bxd3 13. Qxd3 Qf5 14. Qxf5 Nxf5 15.
Ne3 Nxe3 16. Rxe3 Rxe3 17. Bxe3 f6 18. Kf1 Kf7 19. h3 g5 20. Re1 h5 21. g4 Rh8 22.
Kg2 Ne7 23. Bd2 Ng6 24. Rg1 b5 25. b3 Bf4 26. Be3 a5 27. c4 bxc4 28. bxc4 hxg4 29.
hxg4 Re8 30. Re1 dxc4 31. Nd2 c3 32. Nc4 Bxe3 33. Nxe3 Nf4+ 34. Kf3 Nd3 35. Rh1 Kg6 36. Ke2 Nf4+ 37. Kf3 Rd8 38. Rc1 Rxd4 39. Rxc3 Ne6 40. Rc6 Kf7 41. Kg3 Ra4 42. Nd5 Rxa2 43. Nxc7 Ra3+ 44.
Kh2 Nd4 45. Ra6 Nf3+ 46. Kg2 Ne5 47. Nb5 Ra1 48. f3 Ra2+ 49. Kg3 Nd3 50. Nd6+ Kg6 51. f4 gxf4+ 52. Kf3 Rf2+ 53. Ke4 Nc5+ 0-1

[Event "Late-Titled-Tuesday-Blitz-May-14-2024"]
[Site "Chess.com"]
[Date "2024.05.14"]
[Round "3"]
[White "TheBigBadChessDad"]
[Black "The_Straightforward_Rook"]
[Result "0-1"]
[WhiteElo "2284"]
[BlackElo "2496"]
[TimeControl "180+1"]
[EndTime "14:29:00 PDT"]
[Termination "The_Straightforward_Rook won on time"]

1. e4 e6 2. d4 d5 3. Nc3 Bb4 4.
e5 c5 5. Bd2 Nc6 6. dxc5 Nxe5 7. Qe2 Nc6 8. O-O-O Nge7 9. Na4 Bxd2+ 10. Rxd2 Qa5 11.
b3 O-O 12. Nf3 Bd7 13. Qb5 Rfc8 14. Qxb7 Qd8 15. Qa6 Nb4 16. Qe2 Bxa4 17. bxa4 Rxc5 18. Nd4 Nxa2+ 19. Kb2 Nc3 20. Qa6 Ra5 21. Qd3 Nxa4+ 22. Kc1 Nc5 23. Qc3 Ne4 24. Qd3 Nxd2 25. Kxd2 Rc8 26.
Qe3 Rac5 27. Bd3 e5 28. Qxe5 Ng6 29. Qe3 Qf6 30. g3 h6 31. h4 Ne5 32. Re1 Nxd3 33.
cxd3 a5 34. g4 a4 35. g5 hxg5 36. hxg5 Qa6 37. Qh3 Qa5+ 0-1

[Event "Late-Titled-Tuesday-Blitz-May-14-2024"]
[Site "Chess.com"]
[Date "2024.05.14"]
[Round "3"]
[White "SahaNeelash"]
[Black "mitrabhaa"]
[Result "0-1"]
[WhiteElo "2727"]
[BlackElo "2920"]
[TimeControl "180+1"]
[EndTime "14:29:03 PDT"]
[Termination "mitrabhaa won by resignation"]

1. d4 Nc6 2. c4 e5 3. d5 Nce7 4. Nc3 Ng6 5. e4 Bc5 6. Nf3 a6 7. a3 d6 8. Qc2 Nf6 9. Bd3 Nh5 10.
b4 Ba7 11. Bg5 Qd7 12. Be3 Nhf4 13. Bf1 Qg4 14. Rg1 f5 15. O-O-O fxe4 16. Nxe4 O-O 17.
Ng3 a5 18. b5 Nh4 19. Nxh4 Qxh4 20. Rh1 Bg4 21. Rd2 Qh6 22. Bxa7 Rxa7 23. f3 Bd7 24. Kb2 Raa8 25. Bd3 c6 26. dxc6 bxc6 27. Be4 Rab8 28. a4 d5 29. Bd3 Kh8 30. Ka2 Be6 31.
cxd5 Bxd5+ 32. Bc4 Bxc4+ 33. Qxc4 cxb5 34. axb5 Rfc8 35. Qb3 a4 36. Qb4 Qe6+ 37. Ka3 Rc4 38. Qd6 Rc3+ 39. Kb2 Rxb5+ 40. Ka1 Qxd6 0-1

[Event "Late-Titled-Tuesday-Blitz-May-14-2024"]
[Site "Chess.com"]
[Date "2024.05.14"]
[Round "3"]
[White "nindjaxx8"]
[Black "McCarthyStone"]
[Result "1-0"]
[WhiteElo "2637"]
[BlackElo "2444"]
[TimeControl "180+1"]
[EndTime "14:29:03 PDT"]
[Termination "nindjaxx8 won on time"]

1. d4 g6 2. c4 Bg7 3. Nc3 Nf6 4. e4 O-O 5. Be3 Nc6 6. Be2 e5 7. d5 Nd4 8. g4 c5 9. h4 d6 10. f3 a6 11. h5 Rb8 12. a4 Qa5 13. Kf2 Nxe2 14.
Ngxe2 Bxg4 15. fxg4 Nxg4+ 16. Kf3 f5 17. hxg6 hxg6 18.
Bg5 Rf7 19. Ng3 Qb4 20. Qe2 Rbf8 21. exf5 gxf5 22. Nxf5 Rxf5+ 23. Kxg4 e4 24. Nxe4 Re5 25.
Rae1 Rfe8 26. Qd3 Qxb2 27. Nf6+ Bxf6 28. Qh7+ Kf8 29. Bh6+ Bg7 30. Bxg7+ 1-0